 Dungeon Crawl Stone Soup version bcrawl-1.40.3b (webtiles) character file.

Game seed: 16684814117726159956

204252 Amelense the Slasher (level 6, -1/43 HPs)
             Began as a Human Fighter on Feb 6, 2024.
             Was an Initiate of Hepliaklqana.
             Slain by a worker ant (4 damage)
             ... on level 4 of the Dungeon.
             The game lasted 00:14:01 (2442 turns).

Amelense the Slasher (Human Fighter)                Turns: 2442, Time: 00:14:02

Health: -1/43      AC: 13    Str: 19    XL:     6   Next: 68%
Magic:  6/6        EV:  2    Int:  8    God:    Hepliaklqana [......]
Gold:   193        SH: 10    Dex: 12    Spells: 5/5 levels left

rFire    + . .     GDR:     28% a - +0 long sword
rCold    . . .     SeeInvis .   c - +0 medium shield
rNeg     . . .     Gourm    .   o - +0 plate armour
rPois    .         Faith    .   h - +0 helmet
rElec    .         Spirit   .   (no cloak)
rCorr    .         Reflect  .   (no gloves)
MR       .....     Rnd*Rage +   (no boots)
Stlth    ..........             (no amulet)
HPRegen  0.17/turn              (no ring)
MPRegen  0.10/turn              (no ring)

@: no status effects
A: reduced essence, berserk 1, fire resistance 1, wild magic 1
a: Recall Ancestor, Ancestor Identity, Renounce Religion


You were on level 4 of the Dungeon.
You worshipped Hepliaklqana.
Hepliaklqana was noncommittal.
You were hungry.

You visited 1 branch of the dungeon, and saw 4 of its levels.

You collected 193 gold pieces.

Inventory:

Hand Weapons
 a - a +0 long sword (weapon)
 j - a cursed -2 hand axe
 k - a +0 trident
 n - a +0 hunting sling
 q - a +0 rapier
 u - a +1 hand axe of flaming
Armour
 b - a +0 scale mail
 c - a +0 medium shield (worn)
 h - a +0 helmet (worn)
 m - a cursed -2 ring mail
 o - a +0 plate armour (worn)
Wands
 f - a wand of flame (18)
Scrolls
 i - 3 scrolls of identify
Comestibles
 e - 2 rations {!d}


   Skills:
 * Level 4.0 Fighting
 * Level 5.5 Long Blades
 + Level 4.1 Armour
 + Level 0.4 Dodging
 + Level 4.0 Shields


You had 5 spell levels left.
You didn't know any spells.
Your spell library was empty.

Dungeon Overview and Level Annotations

Branches:
Dungeon (4/12)
 Temple: D:4-7

Altars:
Hepliaklqana
Vehumet


Innate Abilities, Weirdness & Mutations

Your life essence is reduced to manifest your ancestor. (-10% HP)
You tend to lose your temper in combat.
Your flesh is heat resistant. (rF+)
Your spells are a little harder to cast, but a little more powerful.


Message History

The worker ant bites Xolani.
Xolani misses the worker ant.
The adder skeleton bites Xolani.
The centaur shoots an arrow.
The arrow hits Xolani!!
Xolani is destroyed!
You block the worker ant's attack.
You hit the worker ant but do no damage.
The worker ant is moderately wounded.
The centaur unwields a +0 shortbow.
The centaur hits you but does no damage.
The worker ant bites you but does no damage.
The adder skeleton bites you but does no damage.
The centaur hits you but does no damage.
You hit the worker ant.
The worker ant is heavily wounded.
The worker ant bites you.
* * * LOW HITPOINT WARNING * * *
The adder skeleton bites you.
* * * LOW HITPOINT WARNING * * *
The worker ant bites you.
You die...

≈≈ . ≈.. .
#.# . ...
8 ##.# ###
. #...##.#
#......##
##
#....Z..#
..
#....a@##
....#..c.#
##? #....#
# ##...#
.....
..#..#
##....#
......


You could see a centaur, a worker ant and an adder skeleton.

Vanquished Creatures
  Sigmund (D:2)
  An orc priest (D:3)
  2 adders (D:3)
  An ooze (D:1)
  A worm (D:2)
  5 dart slugs
  A leopard gecko (D:2)
  4 orcs (D:3)
  2 bats
  A goblin (D:1)
  10 hobgoblins
  5 jackals (D:3)
  A quokka (D:2)
  A ball python (D:2)
  3 frilled lizards
  7 kobolds
  3 rats
  3 plants (D:3)
52 creatures vanquished.

Vanquished Creatures (collateral kills)
  A hound skeleton (D:3)
  An adder (D:3)
  An orc (D:4)
  A giant cockroach (D:4)
  A plant (D:3)
5 creatures vanquished.

Vanquished Creatures (others)
  An ancestor (D:4)
1 creature vanquished.

Grand Total: 58 creatures vanquished

Notes
Turn   | Place    | Note
-------+----------+-------------------------------------------
     0 | D:1      | Amelense the Human Fighter began the quest for the Orb.
     0 | D:1      | Reached XP level 1. HP: 18/18 MP: 1/1
   125 | D:1      | Reached XP level 2. HP: 24/24 MP: 2/2
   653 | D:1      | Reached XP level 3. HP: 29/29 MP: 3/3
  1256 | D:2      | Reached skill level 3 in Long Blades
  1446 | D:2      | Noticed Sigmund
  1456 | D:2      | Killed Sigmund
  1457 | D:2      | Reached skill level 4 in Long Blades
  1457 | D:2      | Reached XP level 4. HP: 35/37 MP: 4/4
  1457 | D:2      | Reached XP level 5. HP: 40/42 MP: 5/5
  1457 | D:2      | Reached XP level 6. HP: 46/48 MP: 6/6
  1644 | D:3      | Reached skill level 5 in Long Blades
  1750 | D:3      | Found a faded altar of an unknown god.
  1758 | D:3      | Found a faded altar of an unknown god.
  1761 | D:3      | Found a hazy altar of Hepliaklqana.
  1761 | D:3      | Found a faded altar of an unknown god.
  1817 | D:3      | Became a worshipper of Hepliaklqana the Forgotten
  2386 | D:4      | Noticed a phantom
  2390 | D:4      | Found a radiant altar of Vehumet.
  2390 | D:4      | Noticed a hungry ghost
  2416 | D:4      | Gained mutation: Your spells are a little harder to cast,
                  | but a little more powerful. [potion of mutation]
  2416 | D:4      | Gained mutation: You tend to lose your temper in combat.
                  | [potion of mutation]
  2416 | D:4      | Gained mutation: Your flesh is heat resistant. (rF+)
                  | [potion of mutation]
  2442 | D:4      | Slain by a worker ant

Skill      XL: |  1  2  3  4  5  6 |
---------------+-------------------+-----
Long Blades    | 4 5 |  5.5
Armour         | 4 |  4.1
Shields        | 4 |  4.0
Fighting       | 4 |  4.0
Dodging        | |  0.4

Action                   |  1- 3 |  4- 6 || total
-------------------------+-------+-------++-------
Melee: Long sword        |   109 |   155 ||   264
Invok: Recall Ancestor   |       |     1 ||     1
       Ancestor Identity |       |     1 ||     1
Evoke: Wand              |       |     2 ||     2
  Use: Potion            |     2 |     6 ||     8
       Scroll            |       |     5 ||     5
  Eat: Chunk             |     4 |       ||     4
       Ration            |     1 |     2 ||     3
Armor: Scale mail        |    30 |       ||    30
       Plate armour      |    38 |    85 ||   123
Dodge: Dodged            |    12 |     2 ||    14
Block: Medium shield     |    43 |    74 ||   117
